 Dungeon Crawl Stone Soup version 0.31-a0-986-g5e6e4ef867 (webtiles) character file.

Game seed: 14850600537718801912

76 pokeman the Magician (level 4, -8/25 HPs)
             Began as a Deep Elf Hedge Wizard on Nov 11, 2023.
             Mangled by a gnoll
             ... wielding a +0 halberd
              (10 damage)
             ... on level 2 of the Dungeon on Nov 12, 2023.
             The game lasted 00:02:57 (1648 turns).

pokeman the Magician (Deep Elf Hedge Wizard)        Turns: 1648, Time: 00:02:58

Health: -8/25      AC:  2    Str:  7    XL:     4   Next: 12%
Magic:  2/13       EV: 12    Int: 21    God:
Gold:   38         SH:  0    Dex: 14    Spells: 6/14 levels left

rFire   . . .        a - +0 dagger
rCold   . . .        (no shield)
rNeg    . . .        b - +0 robe
rPois   .            c - +0 hat
rElec   .            (no cloak)
rCorr   .            (no gloves)
SInv    .            (no boots)
Will    .....        (no amulet)
Stlth   ++           (no ring)
HPRegen 0.24/turn    (no ring)
MPRegen 0.13/turn

%: no passive effects
@: very slightly contaminated
A: no striking features
a: no special abilities


You were on level 2 of the Dungeon.
You visited 1 branch of the dungeon, and saw 2 of its levels.

You collected 38 gold pieces.

Inventory:

Hand Weapons
 a - a +0 dagger (weapon)
Armour
 b - a +0 robe (worn)
 c - a +0 hat (worn)
Scrolls
 f - a scroll of blinking {unknown}
 g - 3 scrolls of brand weapon {unknown}
 h - a scroll of revelation {unknown}
 i - a scroll of torment {unknown}
 j - 2 scrolls of enchant weapon {unknown}
Potions
 d - 2 potions of magic
 e - a potion of attraction {unknown}
 k - a potion of lignification {unknown}


   Skills:
 - Level 1.0 Fighting
 - Level 1.0 Armour
 + Level 2.6 Dodging
 + Level 2.6 Stealth
 * Level 5.5 Spellcasting
 + Level 2.1 Conjurations
 - Level 1.1 Summonings
 - Level 1.1 Translocations


You had 6 spell levels left.
You knew the following spells:

 Your Spells              Type           Power      Damage    Failure   Level
a - Magic Dart            Conj           56%        1d5       4%          1
b - Mephitic Cloud        Conj/Pois/Air  8%         N/A       22%         3
c - Call Imp              Summ           20%        N/A       10%         2
d - Blink                 Tloc           20%        N/A       10%         2

Your spell library contained the following spells:

 Spells                   Type           Power      Damage    Failure   Level
 Slow                     Hex            20%        N/A       11%         1
 Cigotuvi's Dreadful Rot  Necr/Pois/Air  10%        N/A       16%         2


Dungeon Overview and Level Annotations

Branches:
Dungeon (2/15)

Altars:


Message History

Unknown command.
The gnoll is engulfed in noxious fumes.
The gnoll appears confused.
The gnoll hits itself with a +0 spear.
The gnoll is engulfed in noxious fumes.
The gnoll appears confused.
You barely miss the gnoll.
The gnoll is heavily wounded.
The gnoll hits something with a +0 flail.
The gnoll is engulfed in noxious fumes.
The gnoll hits you but does no damage.
Unknown command.
You hit the gnoll but do no damage.
The gnoll is heavily wounded.
The gnoll is engulfed in noxious fumes.
The gnoll appears confused.
You catch the helpless gnoll completely off-guard!
You puncture the gnoll!
You kill the gnoll!
You hit the gnoll.
The gnoll is moderately wounded.
Casting: Mephitic Cloud (extremely dangerous; 26% risk of failure)
Confirm with . or Enter, or press ? or * to list all spells.
Aiming: Mephitic Cloud (extremely dangerous; 26% risk of failure)
Press: ? - help, Shift-Dir - straight line, f - gnoll, p - gnoll
Aim: a gnoll, wielding a +0 halberd (moderately wounded, chance to affect: 91%)
You miscast Mephitic Cloud.
You are very lightly contaminated with residual magic.
Nothing appears to happen.
The gnoll hits you from afar with a +0 halberd!
Ouch! That really hurt!
* * * LOW HITPOINT WARNING * * *
The gnoll hits you with a +0 flail.
* * * LOW HITPOINT WARNING * * *
The gnoll hits itself with a +0 flail!
The gnoll is killed!
You have reached level 4!
You feel clever.
An endoplasm comes into view.
The gnoll attacks as it pursues you! The gnoll closely misses you.
You see here 6 gold pieces.
The gnoll attacks as it pursues you!
The gnoll hits you from afar with a +0 halberd!
You die...

##############
#...g.........
#.@##..)#.... #.###..)#
. #.###..##
###############......#
#...>.##......#.^...##
#........######...###
#.........#####.####
#.....###.....#....####
#.....# ####.##...(...#


You could see a gnoll.

Vanquished Creatures
  2 gnolls (D:2)
  2 adders (D:2)
  2 worms (D:2)
  A dart slug (D:1)
  3 ball pythons
  3 bats
  3 endoplasms
  3 giant cockroaches
  2 goblins (D:1)
  2 hobgoblins (D:1)
  3 quokkas (D:1)
  A frilled lizard (D:2)
  2 kobolds (D:1)
  A rat (D:2)
30 creatures vanquished.

Notes
Turn   | Place    | Note
-------+----------+-------------------------------------------
     0 | D:1      | pokeman the Deep Elf Hedge Wizard began the quest for the
                  | Orb.
     0 | D:1      | Reached XP level 1. HP: 10/10 MP: 7/7
   215 | D:1      | Reached XP level 2. HP: 16/16 MP: 5/9
   805 | D:1      | Reached skill level 5 in Spellcasting
  1205 | D:2      | Reached XP level 3. HP: 20/20 MP: 3/11
  1209 | D:2      | Learned a level 3 spell: Mephitic Cloud
  1212 | D:2      | Learned a level 2 spell: Call Imp
  1215 | D:2      | Learned a level 2 spell: Blink
  1531 | D:2      | Reached skill level 1 in Fighting
  1531 | D:2      | Reached skill level 1 in Armour
  1644 | D:2      | HP: 1/20 [gnoll/+0 flail (4)]
  1645 | D:2      | Reached XP level 4. HP: 1/25 MP: 2/13
  1648 | D:2      | Mangled by a gnoll

Illustrated notes

Levels and vault maps discovered:
D:1:      scummos_arrival_hexagon, layout_basic, minivault_25, nicolae_wormholes
D:2:      minmay_recursive_quarters, layout_rooms, uniq_sigmund

Skill      XL: |  1  2  3 |
---------------+----------+-----
Spellcasting   | 5 |  5.5
Fighting       | 1 |  1.0
Armour         | 1 |  1.0
Conjurations   | 2 |  2.1
Dodging        | |  2.6
Stealth        | |  2.6
Summonings     | |  1.1
Translocations | |  1.1

Action                     |  1- 3 |  4- 6 || total
---------------------------+-------+-------++-------
  Melee: Dagger            |    10 |       ||    10
   Cast: Magic Dart        |    91 |       ||    91
         Mephitic Cloud    |     1 |       ||     1
   Stab: Confused          |     1 |       ||     1
 Armour: Robe              |    11 |     1 ||    12
  Dodge: Dodged            |    13 |     1 ||    14

Table legend: (Time is in decaauts)
 A = Elapsed time spent in this place.
 B = Non-inter-level travel time spent in this place.
 C = Inter-level travel time spent in this place.
 D = Time resting spent in this place.
 E = Time spent auto-exploring this place.
 F = Levels seen in this place.
 G = Mean time per level.
                   A        B        C        D        E       F      G
               +--------+--------+--------+--------+--------+-----+--------+
         Total |   1647 |   1601 |     46 |      0 |   1424 |   2 |  823.5 |
       Dungeon |   1647 |   1601 |     46 |      0 |   1424 |   2 |  823.5 |
               +--------+--------+--------+--------+--------+-----+--------+

Top non-repeatable levels by time:
     D:1: 1061 daAuts
     D:2: 586 daAuts
